 Dungeon Crawl Stone Soup version 0.17.1-3-g152610e (webtiles) character file.

317 Urist the Shooter (level 6, -7/76 HPs)
             Began as a Demonspawn Wanderer on Apr 7, 2016.
             Killed by Freeze
             ... invoked by Urist's ghost
              (15 damage)
             ... on level 4 of the Dungeon.
             The game lasted 00:09:11 (2246 turns).

Urist the Shooter (Demonspawn Wanderer)             Turns: 2246, Time: 00:09:11

Health: -7/76      AC: 23    Str: 13    XL:     6   Next: 20%
Magic:  6/6        EV:  4    Int: 12    God:
Gold:   172        SH:  0    Dex: 15    Spells: 0 memorised, 5 levels left

rFire  . . .     SeeInvis .     a - +2 shortbow
rCold  . . .     Clarity  .     (armour currently unavailable)
rNeg   + + +     SustAt   .     (shield currently unavailable)
rPois  +         Gourm    .     (helmet currently unavailable)
rElec  .         Spirit   .     (cloak currently unavailable)
rCorr  .         Warding  .     (gloves currently unavailable)
rMut   .         NoTele   +     (boots currently unavailable)
MR     .....                    (no amulet)
Stlth  ++........               (no ring)
                                (no ring)

@: tree-form, not resistant to hostile enchantments, unstealthy
A: repulsion field 1, rot immunity
a: no special abilities


You were on level 4 of the Dungeon.
You were not hungry.
You were a tree.
You visited 1 branch of the dungeon, and saw 4 of its levels.

You collected 172 gold pieces.

Inventory:

Hand Weapons
 a - a +2 shortbow (weapon)
 d - a +0 club
 i - a +0 dagger
Missiles
 b - 86 arrows (quivered)
 h - 13 arrows of flame
Armour
 e - a +0 robe
 g - a cursed +0 leather armour (melded)
 j - a +0 animal skin
 k - a +0 helmet (melded)
Wands
 o - a wand of teleportation (1)
Scrolls
 l - 2 scrolls of identify
Potions
 c - a potion of lignification
Comestibles
 f - 2 bread rations
 m - a slice of pizza
 n - 2 meat rations
 q - a beef jerky


   Skills:
 * Level 5.1 Fighting
 * Level 5.5 Bows
 * Level 1.1 Armour
 + Level 1.3 Stealth
 + Level 1.0 Evocations


You had 5 spell levels left.
You didn't know any spells.

Dungeon Overview and Level Annotations

Branches:
Dungeon (4/15)             Temple (0/1) D:4

Altars:
Cheibriados
Gozag
Vehumet
Yredelemnul

Shops:
D:4 *

Annotations:
D:4 Urist's ghost, amateur DsWn


Innate Abilities, Weirdness & Mutations

You are surrounded by a mild repulsion field (EV +2).
You are immune to rotting.


Message History

* * * LOW HITPOINT WARNING * * *
Firing (i - inventory. (,) - cycle):
b - 89 arrows (quivered)
Press: ? - help, Shift-Dir - straight line, f/p - Urist's ghost
Aim: Urist's ghost (moderately damaged)
You shoot an arrow. The arrow hits Urist's ghost.
Urist's ghost is heavily damaged.
Urist's ghost hits you but does no damage.
Firing (i - inventory. (,) - cycle):
b - 88 arrows (quivered)
Press: ? - help, Shift-Dir - straight line, f/p - Urist's ghost
Aim: Urist's ghost (heavily damaged)
You shoot an arrow. The arrow closely misses Urist's ghost.
Urist's ghost hits you but does no damage.
Firing (i - inventory. (,) - cycle):
b - 87 arrows (quivered)
Press: ? - help, Shift-Dir - straight line, f/p - Urist's ghost
Aim: Urist's ghost (heavily damaged)
You shoot an arrow.
The arrow completely misses Urist's ghost.
Urist's ghost points at you and mumbles some strange words.
You are frozen.
You die...

* #............### **..#* *
##...(..........####..# *
#................##...# **
*#.(...................###
,**#...#....................#
,*#....##...................#
,,#....,#...............#..##
,,.............W.........###
,,..............♣.....)∩.##
,,***.....................#
,** *####/...............)##
,,* ###..........###..[## #
,,** ##.!......## ##...## ##
*,,** ##......## ##...###.
*,,,*** **#...?.## ##...#..
*,,,,,*****,..#...#* ##....#
*,,**,,,,,,,,****,,**
**#....##


You could see Urist's ghost.

Vanquished Creatures
  A centaur (D:3)
  2 orc priests
  Robin (D:2)
  7 adders
  3 gnolls (D:2)
  An adder skeleton (D:3)
  5 giant geckos
  8 orcs
  5 bats
  10 goblins
  12 hobgoblins
  6 kobolds
  2 quokkas (D:2)
  3 giant cockroaches
  2 giant newts
  4 rats
72 creatures vanquished.

Notes
Turn   | Place    | Note
--------------------------------------------------------------
     0 | D:1      | Urist the Demonspawn Wanderer began the quest for the Orb.
     0 | D:1      | Urist set off with: a +2 shortbow, 26 arrows, a potion of lignification, a potion of curing, a +0 robe, a bread ration
     0 | D:1      | Reached XP level 1. HP: 19/19 MP: 1/1
   177 | D:1      | You fall through a shaft!
   202 | D:2      | Gained mutation: You are surrounded by a mild repulsion field (EV +2). [demonic ancestry]
   202 | D:2      | Reached XP level 2. HP: 23/25 MP: 2/2
   207 | D:2      | Found a radiant altar of Vehumet.
   288 | D:2      | Noticed Robin
   338 | D:1      | Reached XP level 3. HP: 13/31 MP: 3/3
   576 | D:2      | Killed Robin
   748 | D:2      | Found a basalt altar of Yredelemnul.
   763 | D:2      | Reached XP level 4. HP: 31/38 MP: 4/4
  1081 | D:3      | Reached skill level 5 in Fighting
  1081 | D:3      | Reached XP level 5. HP: 34/44 MP: 5/5
  1114 | D:3      | Found an opulent altar of Gozag.
  1865 | D:3      | Noticed a centaur
  1870 | D:3      | Killed a centaur
  1870 | D:3      | Reached skill level 5 in Bows
  1870 | D:3      | Gained mutation: You are immune to rotting. [demonic ancestry]
  1870 | D:3      | Reached XP level 6. HP: 27/51 MP: 6/6
  2127 | D:4      | Found Xosops's General Store.
  2202 | D:4      | Found a snail-covered altar of Cheibriados.
  2205 | D:4      | Noticed Urist's ghost (amateur DsWn)
  2246 | D:4      | Killed from afar by Urist's ghost

Action                   |  1- 3 |  4- 6 || total
-------------------------+-------+-------++-------
 Fire: Shortbow          |    91 |   140 ||   231
  Use: Potion            |     1 |     4 ||     5
       Scroll            |     3 |     3 ||     6
  Eat: Meat ration       |       |     1 ||     1
       Chunk             |       |     1 ||     1
